 Dungeon Crawl Stone Soup version 0.31.0-9-g3a7656b989 (webtiles) character file.

Game seed: 11364934647474467468

158 qw the Skirmisher (level 5, 0/29 HPs)
             Began as a Deep Elf Hunter on Feb 2, 2024.
             Slain by a gnoll
             ... wielding a +0 halberd
             ... led by a gnoll bouda
              (4 damage)
             ... on level 4 of the Dungeon.
             The game lasted 00:00:07 (2047 turns).

qw the Skirmisher (Deep Elf Hunter)                 Turns: 2047, Time: 00:00:08

Health: 0/29       AC:  9    Str: 10    XL:     5   Next: 16%
Magic:  7/7        EV: 11    Int: 14    God:
Gold:   202        SH:  0    Dex: 18    Spells: 4/4 levels left

rFire   . . .        a - +2 shortbow
rCold   . . .        (shield currently unavailable)
rNeg    . . .        b - +0 ring mail
rPois   .            l - +2 helmet
rElec   .            (no cloak)
rCorr   .            (no gloves)
SInv    +            f - +0 pair of boots
Will    .....        (no amulet)
Stlth   +            k - ring of see invisible
HPRegen 0.24/turn    (no ring)
MPRegen 0.10/turn

%: no passive effects
@: about to teleport, weakened
A: no striking features
a: no special abilities


You were on level 4 of the Dungeon.
You visited 1 branch of the dungeon, and saw 4 of its levels.

You collected 202 gold pieces.


   Skills:
 - Level 1.5 Fighting
 + Level 8.6 Ranged Weapons
 - Level 2.4 Dodging
 - Level 1.2 Stealth


You had 4 spell levels left.
You didn't know any spells.
Your spell library was empty.

Inventory:

Hand Weapons
 a - a +2 shortbow (weapon)
Armour
 b - a +0 ring mail (worn)
 f - a +0 pair of boots (worn)
 l - a +2 helmet (worn)
Jewellery
 c - an amulet of faith
 k - a ring of see invisible (left hand)
Potions
 h - a potion of might {unknown}
 j - 2 potions of curing

Dungeon Overview and Level Annotations

Branches:
Dungeon (4/15)
 Temple: D:4-7

Altars:
Ashenzari


Message History

The gnoll's wounds heal themselves!
You shoot an arrow. The arrow hits the gnoll!
The gnoll is almost dead.
The gnoll bouda barks out a call to the hunt!
The gnolls pick up the pace!
The gnoll completely misses you. The gnoll hits you but does no damage.
You shoot an arrow. The arrow closely misses the gnoll.
The gnoll hits you with a +0 flail. The gnoll barely misses you.
You shoot an arrow. The arrow hits the gnoll.
You kill the gnoll!
The gnoll hits you but does no damage. The gnoll bouda closely misses you. x2
The gnoll hits you but does no damage.
You shoot an arrow.
The arrow hits the gnoll bouda but does no damage.
The gnoll bouda is heavily wounded.
The gnoll closely misses you.
The gnoll bouda hits you with a +0 whip.
You shoot an arrow. The arrow hits the gnoll bouda.
The gnoll bouda is severely wounded.
The gnoll bouda barely misses you. The gnoll misses you.
You shoot an arrow. The arrow hits the gnoll bouda.
The gnoll bouda is almost dead.
The gnoll barely misses you.
The gnoll bouda utters an invocation to its god.
The gnoll bouda is healed somewhat.
You shoot an arrow. The arrow hits the gnoll bouda.
The gnoll bouda is almost dead.
The gnoll bouda gazes fiercely through you!
You feel your attacks grow feeble.
The gnoll bouda hits you with a +0 whip.
The gnoll hits you from afar with a +0 halberd!
2046 ||| READING scroll of teleportation.
As you read the scroll of teleportation, it crumbles to dust.
You feel strangely unstable. The gnoll barely misses you.
The gnoll bouda hits you with a +0 whip.
You shoot an arrow.
The arrow closely misses the gnoll bouda.
The gnoll hits you from afar with a +0 halberd.
You die...

#.# #.#%#....# ###
#.##.).#..#.# ..#
##............
#.###.#............
#.#.##.#..#..#....
#.###.#..#..#...
#.# #.#....... #.#
#.#.##..#.. #@#
#.#.. ..#..
....ggg)# #.### ..
.#......| #########


You could see a gnoll bouda, a gnoll (swift) and a goblin.

Vanquished Creatures
  A hound (D:4)
  7 gnolls
  An adder (D:2)
  2 dart slugs
  An orc (D:3)
  4 bats
  7 endoplasms
  3 giant cockroaches
  4 goblins
  2 hobgoblins
  2 jackals (D:3)
  3 kobolds
  A quokka (D:2)
  2 ball pythons
  3 frilled lizards
  6 rats
49 creatures vanquished.

Notes
Turn   | Place    | Note
-------+----------+-------------------------------------------
     0 | D:1      | qw the Deep Elf Hunter began the quest for the Orb.
     0 | D:1      | Reached XP level 1. HP: 12/12 MP: 3/3
     0 | D:1      | 0 ||| qw: Version: 0.3-a-155-g5e7d8dd
     0 | D:1      | 0 ||| qw: Game counter: 1313
     0 | D:1      | 0 ||| qw: Melee chars always use a shield: true
     0 | D:1      | 0 ||| qw: God list: Okawaru
     0 | D:1      | 0 ||| qw: Allow faded altars: false
     0 | D:1      | 0 ||| qw: Do Orc after clearing Dungeon:15 true
     0 | D:1      | 0 ||| qw: Do second Lair branch before Depths: true
     0 | D:1      | 0 ||| qw: Lair rune preference: random
     0 | D:1      | 0 ||| qw: Goals: Normal
     0 | D:1      | 0 ||| PLANNING D:1-11
   496 | D:1      | 496 ||| UPGRADING to +0 pair of boots.
   501 | D:1      | 501 ||| UPGRADING to +1 helmet.
   506 | D:1      | 506 ||| DROPPING ring of flight.
   507 | D:1      | 507 ||| READING scroll labelled RUSAOMOICE.
   508 | D:1      | 508 ||| READING scroll labelled WEC WACHYORULO.
   508 | D:1      | 508 ||| ENCHANTING +1 helmet.
   509 | D:1      | 509 ||| READING scroll labelled RUSENE SUATHRIO.
   510 | D:1      | 510 ||| READING scroll labelled XIONUS ZOIS.
   510 | D:1      | 510 ||| ENCHANTING +0 shortbow.
   511 | D:1      | 511 ||| DROPPING scroll of butterflies.
   662 | D:2      | Found a faded altar of an unknown god.
   782 | D:2      | Reached XP level 2. HP: 16/16 MP: 4/4
   786 | D:2      | Reached skill level 6 in Ranged Weapons
   967 | D:2      | 967 ||| READING scroll of enchant weapon.
   967 | D:2      | 967 ||| ENCHANTING +1 shortbow.
  1094 | D:2      | Reached XP level 3. HP: 17/20 MP: 5/5
  1096 | D:2      | Reached skill level 7 in Ranged Weapons
  1100 | D:2      | HP: 5/20 [gnoll/+0 spear (3)]
  1103 | D:2      | Reached XP level 4. HP: 6/25 MP: 6/6
  1494 | D:2      | 1494 ||| UPGRADING to +0 ring mail.
  1504 | D:2      | 1504 ||| DROPPING +0 leather armour.
  1505 | D:2      | 1505 ||| UPGRADING to ring of see invisible.
  1506 | D:2      | 1506 ||| READING scroll labelled BIYLIAPN SIALL.
  1510 | D:2      | 1510 ||| READING scroll labelled OPROCI SIK ROH.
  1510 | D:2      | 1510 ||| IDENTIFYING sedimented orange potion
  1511 | D:2      | 1511 ||| READING scroll labelled BOREBI MIUTTIKU.
  1512 | D:2      | 1512 ||| DROPPING potion of lignification.
  1599 | D:3      | Found a faded altar of an unknown god.
  1603 | D:3      | Found a broken altar of Ashenzari.
  1907 | D:3      | 1907 ||| READING scroll of identify.
  1907 | D:3      | 1907 ||| IDENTIFYING glowing brown potion
  1908 | D:3      | 1908 ||| READING scroll labelled VIMULU IPNIFF.
  1909 | D:3      | 1909 ||| DRINKING 3 puce potions.
  1980 | D:4      | Reached skill level 8 in Ranged Weapons
  1989 | D:4      | HP: 6/25 [kobold/+0 short sword (1)]
  1990 | D:4      | 1990 ||| DRINKING potion of heal wounds.
  2016 | D:4      | Reached XP level 5. HP: 29/29 MP: 7/7
  2045 | D:4      | HP: 7/29 [gnoll/+0 halberd[a gnoll bouda] (9)]
  2046 | D:4      | 2046 ||| READING scroll of teleportation.
  2047 | D:4      | Slain by a gnoll

Levels and vault maps discovered:
D:1:      matt_arrival_grand_opening, layout_loops_cross
D:2:      layout_basic, basic_ecumenical_altar
D:3:      layout_rooms, nicolae_overflow_ecumenical_swirl,
          minmay_misc_feat_square
D:4:      layout_loops_ring, minmay_manual_moon

Skill      XL: |  1  2  3  4 |
---------------+-------------+-----
Ranged Weapons | 6 7 8 |  8.6
Fighting       | |  1.5
Dodging        | |  2.4
Stealth        | |  1.2

Action                     |  1- 3 |  4- 6 || total
---------------------------+-------+-------++-------
   Fire: Shortbow          |    41 |    87 ||   128
    Use: Scroll            |     5 |     6 ||    11
         Potion            |       |     2 ||     2
 Armour: Leather armour    |     7 |       ||     7
         Ring mail         |       |    56 ||    56
  Dodge: Dodged            |     9 |    46 ||    55

Table legend:
 A = Non-vault XP
 B = Vault XP
 C = Vault XP percentage of total XP
 D = Non-vault monster count
 E = Vault monster count
 F = Vault count percentage of total count
                 A         B        C        D         E       F
            +---------+---------+-------+---------+---------+-------
      Total |     163 |      63 |  27.9 |      44 |       5 |  10.2
            +---------+---------+-------+---------+---------+-------
        D:1 |       4 |       0 |   0.0 |       3 |       0 |   0.0
        D:2 |      99 |       0 |   0.0 |      22 |       0 |   0.0
        D:3 |      23 |       0 |   0.0 |      13 |       0 |   0.0
        D:4 |      37 |      63 |  63.0 |       6 |       5 |  45.5
            +---------+---------+-------+---------+---------+-------
